 Dungeon Crawl Stone Soup version 0.28-a0-1447-ga5a8893891 (webtiles) character file.

Game seed: 14249934357015187446

267 MadeInAbyssDelver the Chopper (level 6, 0/47 HPs)
             Began as a Human Delver on Jan 11, 2022.
             Was an Initiate of Cheibriados.
             Succumbed to an orc wizard's poison
             ... on level 4 of the Dungeon.
             The game lasted 00:14:49 (5550 turns).

MadeInAbyssDelver the Chopper (Human Delver)        Turns: 5550, Time: 00:14:50

Health: 0/47       AC:  7    Str: 16    XL:     6   Next: 45%
Magic:  9/9        EV: 11    Int: 11    God:    Cheibriados [......]
Gold:   103        SH:  0    Dex: 15    Spells: 9/9 levels left

rFire   . . .      SeeInvis .   a - +0 war axe
rCold   . . .      Faith    .   (no shield)
rNeg    . . .      Spirit   .   h - +0 ring mail
rPois   .          Reflect  .   d - +0 helmet
rElec   .          Harm     .   (no cloak)
rCorr   .          Rampage  .   (no gloves)
Will    .....                   o - +0 pair of boots
Stlth   ++........              (no amulet)
HPRegen 0.15/turn               (no ring)
MPRegen 0.11/turn               (no ring)

@: lethally poisoned (0 -> -13), attractive, very slow
A: no striking features
a: Renounce Religion


You were on level 4 of the Dungeon.
You worshipped Cheibriados.
Cheibriados was noncommittal.
You visited 1 branch of the dungeon, and saw 5 of its levels.

You collected 103 gold pieces.

Inventory:

Hand Weapons
 a - a +0 war axe (weapon)
 u - a +0 hand axe
Missiles
 q - 15 poisoned darts (quivered)
Armour
 b - a +0 leather armour
 d - a +0 helmet (worn)
 h - a +0 ring mail (worn)
 o - a +0 pair of boots (worn)
Jewellery
 r - an amulet of magic regeneration
Wands
 g - a wand of digging (3)
Scrolls
 c - 2 scrolls of fog
 i - 2 scrolls of blinking {unknown}
 j - 3 scrolls of identify {unknown}
 k - a scroll of silence {unknown}
 m - a scroll of enchant armour {unknown}
 s - a scroll of summoning {unknown}
 t - a scroll of immolation {unknown}
Potions
 f - a potion of haste
 l - a potion of cancellation


   Skills:
 - Level 3.0 Fighting
 - Level 5.3 Axes
 - Level 2.0 Dodging
 - Level 5.0 Stealth
 - Level 2.0 Spellcasting
 * Level 2.0 Conjurations


You had 9 spell levels left.
You didn't know any spells.
Your spell library contained the following spells:

 Spells                   Type           Power      Damage    Failure   Level
 Beastly Appendage        Tmut           2%         N/A       50%         1
 Wereblood                Tmut           1%         N/A       63%         2
 Conjure Flame            Conj/Fire      3%         6-21      73%         3
 Ignite Poison            Fire/Tmut/Pois 1%         N/A       86%         3
 Spider Form              Tmut/Pois      1%         N/A       86%         3
 Sticky Flame             Conj/Fire      3%         2d3       98%         4


Dungeon Overview and Level Annotations

Branches:
Dungeon (5/15)
 Temple: D:4-7

Altars:
Cheibriados
Ru


Message History

You feel very sick. Something hits you but does no damage.
You are more poisoned.
The orc hits you with a +0 short sword.
* * * LOW HITPOINT WARNING * * *
The orc hits you with a +0 dagger.
* * * LOW HITPOINT WARNING * * *
The orc closely misses you.
It was a potion of heal wounds.
You feel much better.
You feel very sick. Something hits you but does no damage.
The orc hits you with a +0 short sword. The orc misses you.
The orc hits you but does no damage.
As you read the scroll of fear, it crumbles to dust.
You assume a fearsome visage.
The orc looks frightened! x3
You feel very sick. The orc is attracted toward you. x2
You miss something. You barely miss the orc. x2
* * * LOW HITPOINT WARNING * * *
You feel very sick.
The orc is attracted toward you. x2; Something is attracted toward you.
The orc is attracted toward you.
You completely miss something. You hit the orc.
Your attack snaps the orc out of its fear.
You strike the helpless orc from behind!
You hit the orc but do no damage.
Your attack snaps the orc out of its fear.
* * * LOW HITPOINT WARNING * * *
You feel very sick. The orc closely misses you.
The orc hits you but does no damage. Something is attracted toward you.
The orc is attracted toward you.
You barely miss something. You hit the orc but do no damage. You hit the orc.
* * * LOW HITPOINT WARNING * * *
You feel sick. The orc barely misses you. The orc misses you. x2
The orc hits you with a +0 dagger.
* * * LOW HITPOINT WARNING * * *
Something is attracted toward you. The orc is attracted toward you.
You hit something. You barely miss the orc. You hit the orc.
You kill the orc!
Cheibriados appreciates the change of pace.
You die...

o.#.# ...# #..#
#..#
#.>#########
####.....§.....
..........o.###
#####..##)o.#
.....##.@.#
####.###.<.# #.
#)§.# #. #...#
#. #.#.# ....#
######


You could see 2 orcs.

Vanquished Creatures
  A hound (D:3)
  An orc priest (D:3)
  2 orc wizards
  A mummy (D:3)
  Robin (D:2)
  3 adders
  2 worms (D:2)
  3 dart slugs
  10 orcs
  4 bats
  7 endoplasms
  2 giant cockroaches
  12 goblins
  13 hobgoblins
  3 quokkas
  4 ball pythons
  4 frilled lizards
  7 kobolds
  12 rats
92 creatures vanquished.

Notes
Turn   | Place    | Note
-------+----------+-------------------------------------------
     0 | D:5      | MadeInAbyssDelver the Human Delver began the quest for the
                  | Orb.
     0 | D:5      | Reached XP level 1. HP: 18/18 MP: 1/1
    31 | D:5      | Noticed a two-headed ogre
    48 | D:5      | Found a sacrificial altar of Ru.
    67 | D:4      | Noticed an orc priest
   354 | D:1      | Reached XP level 2. HP: 9/24 MP: 2/2
   989 | D:1      | Reached XP level 3. HP: 29/29 MP: 3/3
  1716 | D:2      | Reached XP level 4. HP: 27/35 MP: 4/4
  2225 | D:2      | Noticed Robin
  2907 | D:2      | Killed Robin
  3006 | D:2      | Reached XP level 5. HP: 32/41 MP: 5/5
  3514 | D:2      | Reached skill level 5 in Axes
  3959 | D:3      | Reached skill level 1 in Spellcasting
  4063 | D:3      | Reached XP level 6. HP: 17/47 MP: 7/9
  4561 | D:3      | Found a snail-covered altar of Cheibriados.
  4748 | D:3      | Became a worshipper of Cheibriados the Contemplative
  4806 | D:3      | Reached skill level 1 in Conjurations
  5544 | D:4      | HP: 2/47 [orc (2)]
  5550 | D:4      | Succumbed to an orc wizard's poison

Illustrated notes

Levels and vault maps discovered:
D:1:      psy_arrival_dodecagon, layout_basic, minmay_rat_gold_closets
D:2:      layout_rooms, nrook_loot_triangle, uniq_robin
D:3:      layout_basic, slow_altar_2
D:4:      layout_basic
D:5:      layout_loops_ring, nicolae_ru_great_annihilating_truth,
          nicolae_ossuary_entry_plus

Skill      XL: |  1  2  3  4  5  6 |
---------------+-------------------+-----
Axes           | 3 4 5 |  5.3
Spellcasting   | 2 |  2.0
Conjurations   | 2 |  2.0
Fighting       | |  3.0
Dodging        | |  2.0
Stealth        | |  5.0

Action                   |  1- 3 |  4- 6 || total
-------------------------+-------+-------++-------
Melee: Hand axe          |   116 |   220 ||   336
       Punch             |       |     2 ||     2
       War axe           |       |    13 ||    13
  Use: Scroll            |     1 |     1 ||     2
       Potion            |       |     3 ||     3
 Stab: Sleeping          |     9 |     2 ||    11
       Fleeing           |       |     1 ||     1
Armor: Ring mail         |    44 |   123 ||   167
Dodge: Dodged            |    62 |   141 ||   203

Table legend: (Time is in decaauts)
 A = Elapsed time spent in this place.
 B = Non-inter-level travel time spent in this place.
 C = Inter-level travel time spent in this place.
 D = Time resting spent in this place.
 E = Time spent auto-exploring this place.
 F = Levels seen in this place.
 G = Mean time per level.
                   A        B        C        D        E       F      G
               +--------+--------+--------+--------+--------+-----+--------+
         Total |   5631 |   5463 |    168 |   2823 |   1790 |   5 | 1126.2 |
       Dungeon |   5631 |   5463 |    168 |   2823 |   1790 |   5 | 1126.2 |
               +--------+--------+--------+--------+--------+-----+--------+

Top non-repeatable levels by time:
     D:1: 2071 daAuts
     D:3: 1894 daAuts
     D:2: 1566 daAuts
     D:5: 67 daAuts
     D:4: 31 daAuts
